 Dungeon Crawl Stone Soup version 0.27-a0-951-gae3e1deef5 (webtiles) character file.

Game seed: 11592497333618957851

15182 jestyr24 the Basher (level 11, -1/99 HPs)
             Began as a Minotaur Fighter on Apr 12, 2021.
             Was the Champion of Cheibriados.
             Slain by a six-headed hydra (2 damage)
             ... on level 12 of the Dungeon.
             The game lasted 00:37:48 (7961 turns).

jestyr24 the Basher (Minotaur Fighter)              Turns: 7961, Time: 00:37:48

Health: -1/99      AC: 16    Str: 45    XL:     11   Next: 98%
Magic:  15/15      EV: 10    Int: 20    God:    Cheibriados [******]
Gold:   558        SH: 16    Dex: 25    Spells: 10/10 levels left

rFire    . . .     SeeInvis .   L - +8 whip "Snakebite" {curare, rPois}
rCold    . . .     Faith    .   c - +0 kite shield
rNeg     . . .     Spirit   .   l - +1 plate armour
rPois    +         Reflect  .   (helmet restricted)
rElec    .         Harm     .   (no cloak)
rCorr    +         Rampage  .   (no gloves)
Will     .....                  (no boots)
Stlth    ..........             h - amulet of regeneration
HPRegen  1.26/turn              e - +6 ring of strength
MPRegen  0.14/turn              v - ring of resist corrosion

@: slowed, very slow
A: horns 2, retaliatory headbutt
a: Renounce Religion, Bend Time, Temporal Distortion, Slouch, Step From Time


You were on level 12 of the Dungeon.
You worshipped Cheibriados.
Cheibriados was exalted by your worship.
You visited 1 branch of the dungeon, and saw 11 of its levels.

You collected 558 gold pieces.

Inventory:

Hand Weapons
 o - a +2 shortbow of flaming
 z - a +3 glaive of draining
 D - a +4 mace
 F - a +5 scimitar
 L - the +8 whip "Snakebite" (weapon) {curare, rPois}
   (You found it on level 12 of the Dungeon)

   It poisons the flesh of those it strikes.
   It protects you from poison.
Missiles
 a - a curare-tipped dart
 p - 230 arrows
 r - 8 javelins
 E - 50 poisoned darts (quivered)
 N - 6 silver boomerangs
 P - 2 atropa-tipped darts
Armour
 c - a +0 kite shield (worn)
 l - a +1 plate armour (worn)
Jewellery
 e - a +6 ring of strength (left hand)
 h - an amulet of regeneration (around neck)
 m - a ring of protection from cold
 v - a ring of resist corrosion (right hand)
 H - a ring of poison resistance
Wands
 u - a wand of flame (19)
 y - a wand of mindburst (8)
 A - a wand of paralysis (4)
 I - a wand of iceblast (6)
 J - a wand of digging (5)
Scrolls
 b - 4 scrolls of identify
 i - 3 scrolls of teleportation
 j - a scroll of blinking
 n - 3 scrolls of enchant weapon
 t - 4 scrolls of enchant armour
 G - a scroll of noise {unknown}
 K - a scroll of fear {unknown}
 O - 2 scrolls of acquirement {unknown}
Potions
 d - 2 potions of might
 f - 3 potions of heal wounds {unknown}
 g - 3 potions of flight
 k - 2 potions of resistance
 q - 2 potions of haste {unknown}
 s - 3 potions of curing
 w - 2 potions of lignification
 x - a potion of berserk rage {unknown}
 B - a potion of cancellation {unknown}
 C - a potion of attraction {unknown}
 M - a potion of mutation {unknown}


   Skills:
 * Level 9.9 Fighting
 * Level 11.6 Maces & Flails
 - Level 4.3 Polearms
 + Level 0.3 Throwing
 * Level 11.3 Armour
 + Level 2.6 Dodging
 + Level 10.7 Shields
 * Level 7.5 Invocations


You had 10 spell levels left.
You didn't know any spells.
Your spell library contained the following spells:

 Spells                   Type           Power      Damage    Failure   Level
 Animate Skeleton         Necr           0%         N/A       77%         1
 Magic Dart               Conj           0%         1d3       77%         1
 Pain                     Necr           0%         1d4       77%         1
 Sting                    Tmut/Pois      0%         1d3       77%         1
 Poisonous Vapours        Pois/Air       0%         N/A       88%         2
 Searing Ray              Conj           0%         3d3       88%         2
 Dazzling Flash           Conj/Hex       0%         N/A       98%         3
 Ignite Poison            Fire/Tmut/Pois 0%         N/A       98%         3
 Mephitic Cloud           Conj/Pois/Air  0%         N/A       98%         3
 Vampiric Draining        Necr           0%         2d6       98%         3
 Animate Dead             Necr           0%         N/A       100%        4
 Fulminant Prism          Conj/Hex       0%         3d6       100%        4
 Iskenderun's Mystic Bla  Conj/Tloc      0%         2d3       100%        4
 Olgreb's Toxic Radiance  Pois           0%         N/A       100%        4
 Agony                    Necr           0%         N/A       100%        5


Dungeon Overview and Level Annotations

Branches:
Dungeon (12/15)            Temple (0/1) D:7            Lair (0/6) D:11
    Orc (0/2) D:10

Altars:
Ashenzari
Cheibriados
Nemelex Xobeh
Qazlal
Ru
Vehumet
Wu Jian
Xom
Yredelemnul
Zin
Beogh

Shops:
D:5 ?([[

Annotations:
D:7 exclusion: statue


Innate Abilities, Weirdness & Mutations

You have a pair of horns on your head.
You reflexively headbutt those who attack you in melee.


Message History

Cheibriados thoroughly appreciates the change of pace.
You hit the white ugly thing.
The white ugly thing is poisoned.
The white ugly thing convulses.
The white ugly thing seems to slow down.
You headbutt the white ugly thing.
The white ugly thing is moderately wounded.
You block the white ugly thing's attack.
You whack the white ugly thing!
The white ugly thing looks as sick as possible! x2
The white ugly thing convulses.
The white ugly thing seems to be slow for longer.
The white ugly thing is heavily wounded.
The white ugly thing punches you but does no damage.
The six-headed hydra bites you.
You block the six-headed hydra's attack.
The six-headed hydra bites you but does no damage.
You block the six-headed hydra's attack.
The six-headed hydra bites you but does no damage.
The six-headed hydra barely misses you.
The six-headed hydra bites you but does no damage.
The six-headed hydra bites you. The six-headed hydra barely misses you.
You block the six-headed hydra's attack.
The six-headed hydra bites you! The six-headed hydra barely misses you.
There is an open door, spattered with blood here.
You whack the six-headed hydra! You headbutt the six-headed hydra!
The six-headed hydra is moderately wounded.
The six-headed hydra bites you but does no damage.
The six-headed hydra barely misses you. The six-headed hydra bites you! x2
* * * LOW HITPOINT WARNING * * *
You block the six-headed hydra's attack. x2
You hit the six-headed hydra.
The six-headed hydra is heavily wounded.
The six-headed hydra bites you!
* * * LOW HITPOINT WARNING * * *
You block the six-headed hydra's attack.
The six-headed hydra bites you but does no damage.
The six-headed hydra bites you!
* * * LOW HITPOINT WARNING * * *
The six-headed hydra bites you.
You die...

### ###### )..##
############..... ....#
###.........#...... ....
#.@..........).....
§§§.###D#......_..##....)
§§§.{#Ku#.......))##...))
./§§...#K##.........##.....
.§§≈§≈)){##.........##.....
.[§§§..#########'######.###
...≈{.. #...# #..# ......#
#)### ##.## ......
######)#### #..#


You could see a six-headed hydra, a white ugly thing (very poisoned, slow) and 2
kobolds.

Vanquished Creatures
  3 two-headed ogres
  2 manticores
  2 cyclopes
  3 kobold demonologists (D:12)
  Maggie (D:7)
  A freezing wraith (D:12)
  A yaktaur (D:12)
  2 trolls
  A hornet (D:9)
  Grinder (D:6)
  3 slime creatures (D:12)
  A vampire (D:9)
  A shadow (D:12)
  12 yaks
  An acid dragon (D:9)
  2 water moccasins
  11 orc warriors
  4 necrophages
  2 ice beasts
  A sky beast (D:8)
  4 ogres
  11 centaurs
  9 kobold brigands
  A wyvern zombie (D:8)
  3 bullfrogs
  5 gnoll sergeants
  6 scorpions
  5 killer bees (D:10)
  12 wights
  2 howler monkeys (D:10)
  4 centaur zombies
  An iron imp (D:9)
  A jelly (D:8)
  A hound (D:5)
  5 orc priests
  A bullfrog skeleton (D:5)
  2 iguanas
  4 orc wizards
  2 killer bee zombies (D:7)
  10 gnolls
  A howler monkey skeleton (D:6)
  A shadow imp (D:7)
  2 white imps
  2 ufetubi
  2 worms (D:2)
  4 dart slugs
  33 orcs
  A ball python (D:2)
  9 bats
  2 endoplasms
  3 giant cockroaches
  3 goblins
  2 hobgoblins (D:1)
  3 jackals (D:2)
  28 kobolds
  3 quokkas
  2 rats
245 creatures vanquished.

Notes
Turn   | Place    | Note
-------+----------+-------------------------------------------
     0 | D:1      | jestyr24 the Minotaur Fighter began the quest for the Orb.
     0 | D:1      | Reached XP level 1. HP: 19/19 MP: 0/0
   209 | D:1      | Reached XP level 2. HP: 26/27 MP: 1/1
   409 | D:1      | Found a faded altar of an unknown god.
   412 | D:1      | Became a worshipper of Cheibriados the Contemplative
   412 | D:1      | Reached * piety under Cheibriados
   929 | D:2      | Reached XP level 3. HP: 33/33 MP: 2/2
  1125 | D:2      | Reached ** piety under Cheibriados
  1392 | D:3      | Found a sacrificial altar of Ru.
  1423 | D:3      | You fall into a shaft and drop 2 floors!
  1423 | D:5      | Entered Level 5 of the Dungeon
  1423 | D:5      | Found Osteokk's Antique Weapon Shoppe.
  1423 | D:5      | Found Vutam's Magic Scroll Shoppe.
  1423 | D:5      | Found Vienony's Antique Armour Shoppe.
  1423 | D:5      | Found Qoamai's Armour Shoppe.
  1426 | D:5      | Noticed a necrophage
  1432 | D:5      | Killed a necrophage
  1433 | D:5      | Reached skill level 5 in Shields
  1433 | D:5      | Reached XP level 4. HP: 40/41 MP: 3/3
  1433 | D:5      | Reached XP level 5. HP: 46/47 MP: 4/4
  1493 | D:5      | Noticed an ice beast
  1501 | D:5      | Killed an ice beast
  1502 | D:5      | Reached skill level 1 in Invocations
  1502 | D:5      | Reached XP level 6. HP: 46/53 MP: 5/5
  1529 | D:5      | Found an ornate altar of the Wu Jian Council.
  1668 | D:5      | Reached skill level 5 in Armour
  1694 | D:5      | Reached skill level 5 in Maces & Flails
  1699 | D:5      | Reached skill level 5 in Fighting
  1707 | D:5      | Reached XP level 7. HP: 61/61 MP: 7/7
  1905 | D:5      | Reached *** piety under Cheibriados
  2051 | D:6      | Noticed Grinder
  2058 | D:6      | Reached skill level 1 in Dodging
  2065 | D:6      | Killed Grinder
  2066 | D:6      | Reached XP level 8. HP: 67/70 MP: 7/9
  2301 | D:6      | Found a broken altar of Ashenzari.
  2843 | D:7      | Found a staircase to the Ecumenical Temple.
  3155 | D:7      | Found a radiant altar of Vehumet.
  3162 | D:7      | Reached XP level 9. HP: 78/78 MP: 11/11
  3162 | D:7      | Noticed Maggie
  3175 | D:7      | Killed Maggie
  3374 | D:7      | Reached **** piety under Cheibriados
  3614 | D:7      | Found a basalt altar of Yredelemnul.
  3754 | D:8      | Reached skill level 1 in Polearms
  4237 | D:8      | Reached skill level 5 in Invocations
  4393 | D:8      | Noticed a two-headed ogre
  4401 | D:8      | Killed a two-headed ogre
  4840 | D:8      | Found a glowing silver altar of Zin.
  4912 | D:8      | Reached XP level 10. HP: 84/88 MP: 13/13
  5002 | D:9      | Found a sparkling altar of Nemelex Xobeh.
  5094 | D:9      | Noticed a cyclops
  5100 | D:9      | Killed a cyclops
  5101 | D:9      | Found a stormy altar of Qazlal.
  5175 | D:9      | Found a snail-covered altar of Cheibriados.
  5286 | D:9      | Found a shimmering altar of Xom.
  5357 | D:9      | Reached ***** piety under Cheibriados
  5504 | D:10     | Entered Level 10 of the Dungeon
  6184 | D:10     | Found a staircase to the Orcish Mines.
  6192 | D:10     | Reached skill level 10 in Maces & Flails
  6366 | D:10     | Reached skill level 10 in Armour
  6485 | D:11     | Found a staircase to the Lair.
  6508 | D:11     | Reached XP level 11. HP: 97/97 MP: 15/15
  6539 | D:11     | Noticed a two-headed ogre
  6546 | D:11     | Killed a two-headed ogre
  7217 | D:12     | Found the +8 whip "Snakebite" {curare, rPois}
  7915 | D:12     | Reached skill level 10 in Shields
  7921 | D:12     | Noticed a two-headed ogre
  7931 | D:12     | Reached ****** piety under Cheibriados
  7939 | D:12     | Killed a two-headed ogre
  7940 | D:12     | Noticed a six-headed hydra
  7940 | D:12     | Noticed a white ugly thing
  7961 | D:12     | HP: 1/99 [six-headed hydra (11)]
  7961 | D:12     | Slain by a six-headed hydra

Illustrated notes

Levels and vault maps discovered:
D:1:      heliophobic_arrival_battle_scene, layout_loops_ring,
          hellmonk_ecumenical_altar_inner_sanctum
D:2:      layout_basic, grunt_ministairs_10
D:3:      kennysheep_six_static_rooms, layout_rooms, overflow_temple_1_default
D:5:      layout_basic, nicolae_wu_jian_wuxing_cycle,
          ebering_dispersal_statue_hall, minmay_shop_grid_forest
D:6:      layout_loops_ring, cheibrodos_ashenzari_chains, uniq_grinder
D:7:      layout_basic, lemuel_zombie_altar_yredelemnul, vehumet_statue,
          minmay_temple_entry_grid, minmay_quadrilaterals, uniq_maggie
D:8:      layout_basic, zin_treasury
D:9:      layout_gridville, nemelex_diamond_rough_becter,
          nicolae_overflow_crystal_walls, lemuel_coloured_pillars_altar,
          chei_slow_surprise
D:10:     layout_loops_corners, kennysheep_orc_monster_closet_entryway
D:11:     layout_basic, lair_entry_dummy
D:12:     layout_roguey [special_room_orc], grunt_potential

Skill      XL: |  1  2  3  4  5  6  7  8  9 10 11 |
---------------+----------------------------------+-----
Armour         | 4 5 6 8 10 11 | 11.3
Fighting       | 4 5 6 7 9 |  9.9
Shields        | 4 5 6 7 8 10 | 10.7
Maces & Flails | 3 4 5 6 8 10 11 | 11.6
Invocations    | 1 2 4 5 6 7 |  7.5
Dodging        | 1 2 |  2.6
Polearms       | 4 |  4.3
Throwing       | |  0.3

Action                   |  1- 3 |  4- 6 |  7- 9 | 10-12 || total
-------------------------+-------+-------+-------+-------++-------
Melee: Flail             |    88 |    32 |   103 |       ||   223
       Headbutt          |    22 |    12 |    56 |   104 ||   194
       Glaive            |       |       |    57 |       ||    57
       Mace              |       |       |     6 |   126 ||   132
       Whip              |       |       |       |   154 ||   154
Throw: Dart              |       |       |       |     8 ||     8
Invok: Slouch            |       |       |       |     2 ||     2
  Use: Scroll            |       |       |    11 |       ||    11
       Potion            |       |       |       |     1 ||     1
Armor: Scale mail        |    44 |       |       |       ||    44
       Plate armour      |    27 |    20 |   124 |   132 ||   303
Dodge: Dodged            |    26 |     4 |    71 |   108 ||   209
Block: Kite shield       |    55 |    24 |    79 |   286 ||   444

Table legend: (Time is in decaauts)
 A = Elapsed time spent in this place.
 B = Non-inter-level travel time spent in this place.
 C = Inter-level travel time spent in this place.
 D = Time resting spent in this place.
 E = Time spent auto-exploring this place.
 F = Levels seen in this place.
 G = Mean time per level.
                   A        B        C        D        E       F      G
               +--------+--------+--------+--------+--------+-----+--------+
         Total |  12423 |  11940 |    483 |    367 |   8703 |  11 | 1129.4 |
       Dungeon |  12423 |  11940 |    483 |    367 |   8703 |  11 | 1129.4 |
               +--------+--------+--------+--------+--------+-----+--------+

Top non-repeatable levels by time:
     D:8: 2086 daAuts
    D:10: 1636 daAuts
     D:7: 1545 daAuts
    D:11: 1292 daAuts
    D:12: 1102 daAuts
     D:6: 1098 daAuts
     D:1: 1050 daAuts
     D:9: 923 daAuts
     D:5: 921 daAuts
     D:2: 643 daAuts
     D:3: 121 daAuts
